 Dungeon Crawl Stone Soup version 0.30-a0-639-g3916f1956a (webtiles) character file.

Game seed: 12383770753622899195

693 bjtr the Digger (level 7, -3/40 HPs)
             Began as a Gargoyle Earth Elementalist on Jan 15, 2023.
             Was an Initiate of Vehumet.
             Slain by bande's ghost (12 damage)
             ... on level 4 of the Dungeon.
             The game lasted 00:17:39 (5171 turns).

bjtr the Digger (Gargoyle Earth Elementalist)       Turns: 5171, Time: 00:17:39

Health: -3/40      AC: 11    Str: 11    XL:     7   Next: 64%
Magic:  14/14      EV:  9    Int: 18    God:    Vehumet [......]
Gold:   176        SH:  7    Dex: 10    Spells: 3/15 levels left

rFire   . . .      SeeInvis .    z - +3 whip
rCold   . . .      Faith    .    x - +0 kite shield
rNeg    + . .      Spirit   .    k - +0 leather armour
rPois   ∞          Reflect  .    (no helmet)
rElec   +          Harm     .    (no cloak)
rCorr   .          Rampage  .    (no gloves)
Will    .....                    (no boots)
Stlth   ++                       (no amulet)
HPRegen 0.26/turn                m - +4 ring of protection
MPRegen 0.14/turn                (no ring)

@: weak-willed, on berserk cooldown
A: sickness immunity, AC +4, negative energy resistance 1, electricity
resistance, torment resistance 1, petrification resistance
a: Renounce Religion


You were on level 4 of the Dungeon.
You worshipped Vehumet.
Vehumet was noncommittal.
You visited 2 branches of the dungeon, and saw 6 of its levels.

You collected 176 gold pieces.

Inventory:

Hand Weapons
 w - a +0 long sword
 y - a +0 flail
 z - a +3 whip (weapon)
Missiles
 c - 52 stones
 r - 6 atropa-tipped darts
Armour
 a - a +0 robe
 k - a +0 leather armour (worn)
 x - a +0 kite shield (worn)
Jewellery
 m - a +4 ring of protection (left hand)
Scrolls
 d - 3 scrolls of fog
 e - a scroll of magic mapping {unknown}
 i - a scroll of teleportation {unknown}
 q - a scroll of enchant weapon {unknown}
 s - a scroll of amnesia
 u - a scroll of vulnerability
Potions
 b - 2 potions of magic
 f - 2 potions of might
 j - 4 potions of curing
 l - 3 potions of mutation
 n - 2 potions of ambrosia
 o - 2 potions of attraction
 t - a potion of brilliance {unknown}


   Skills:
 + Level 2.3 Fighting
 * Level 1.1 Armour
 + Level 1.9 Dodging
 + Level 2.5 Stealth
 * Level 1.8 Shields
 + Level 4.7 Spellcasting
 + Level 0.3 Conjurations
 - Level 0.7 Transmutations
 * Level 7.2 Earth Magic


You had 3 spell levels left.
You knew the following spells:

 Your Spells              Type           Power      Damage    Failure   Level
a - Sandblast             Erth           60%        2d14      3%          1
b - Passwall              Tmut/Erth      15%        N/A       17%         2
c - Stone Arrow           Conj/Erth      34%        3d9       36%         3
d - Petrify               Tmut/Erth      18%        N/A       75%         4
e - Blink                 Tloc           8%         N/A       65%         2

Your spell library contained the following spells:

 Spells                   Type           Power      Damage    Failure   Level
 Necrotise                Necr           16%        1d4       52%         1
 Momentum Strike          Conj/Tloc      8%         3d8       63%         2
 Lesser Beckoning         Tloc           8%         N/A       65%         2
 Gell's Gravitas          Tloc           4%         N/A       87%         3
 Teleport Other           Tloc           4%         N/A       87%         3
 Vampiric Draining        Necr           4%         2d6       87%         3
 Agony                    Necr           4%         N/A       100%        5


Dungeon Overview and Level Annotations

Branches:
Dungeon (5/15)             Temple (1/1) D:4

Altars:
Ashenzari
Cheibriados
Dithmenos
Elyvilon
Fedhas
Gozag
Hepliaklqana
Kikubaaqudgha
Makhleb
Nemelex Xobeh
Qazlal
Ru
Sif Muna
Trog
Uskayaw
Vehumet
Wu Jian
Xom
Yredelemnul
Zin
The Shining One

Annotations:
D:4 bande's ghost, amateur GrFi


Innate Abilities, Weirdness & Mutations

You are immune to sickness and miasma.
Your stone body is resilient. (AC +4)
You are immune to poison.
You resist negative energy. (rN+)
You are resistant to electric shocks. (rElec)
You are resistant to unholy torment.
You are immune to petrification.


Message History

Confirm with . or Enter, or press ? or * to list all spells.
Aiming: Passwall (safe; 17% risk of failure)
Press: ? - help, Dir - move target, p - bande's ghost A rock wall.
Bande's ghost hits you but does no damage.
You begin to meditate on the wall.
You continue meditating on the rock.
Bande's ghost hits you.
* * * LOW HITPOINT WARNING * * *
Bande's ghost barely misses you.
You continue meditating on the rock.
Bande's ghost hits you but does no damage.
You finish merging with the rock.
Bande's ghost says, "You will never get the ORB!"
Bande's ghost screams, "Zot is a myth, the ORB is a fable, you'll soon be a tale!"
Bande's ghost hits you but does no damage.
Bande's ghost attacks as you move away!
Bande's ghost hits you but does no damage.
Bande's ghost screams, "Zot is a myth, the ORB is a fable, you'll soon be a tale!"
You block bande's ghost's attack. Bande's ghost attacks as you move away!
Bande's ghost hits you.
* * * LOW HITPOINT WARNING * * *
There is a stone staircase leading down here.
Bande's ghost hits you but does no damage.
Bande's ghost barely misses you.
You climb downwards.
There is a stone staircase leading up here.
Bande's ghost closely misses you.
You climb upwards.
There is a stone staircase leading down here.
As you read the scroll labelled SIELIQ TEMP, it crumbles to dust.
Magic quickly surges around you.
It was a scroll of vulnerability.
Bande's ghost hits you but does no damage.
You block bande's ghost's attack.
As you read the scroll labelled JOJ SOEQAENI, it crumbles to dust.
It is a scroll of amnesia.
Really abort (and waste the scroll)?
Okay, then.
You feel yourself speed up. Bande's ghost hits you!
You die...

####.#....#......##.###.####.#..
#W####..########.# #....#.### #.#
##.# #.# #....#.### #####.# #.##
#.# #....#.#.. #.....# #..# #.#
#....#.#.# ..###.#
###.#######.###.####.#.# .## ###
#...............# #.#.# .#
#.#..###.###########.#.# .#
#.##...@W..........#.#.. .###
#.################.#.### ####
#.###########..........# .⌠######
#.##........#.####.#.#.#
>.'....###.##.<......#.####.#.#.#
.⌠####...#.##........#......#.#.#
#### #...#.##........########.#.#
.### #.....##........#......#.#.#
.# #.....##........#.####.#.#.#


You could see bande's ghost (weak-willed).

Vanquished Creatures
  A sky beast (D:3)
  An ogre (D:4)
  A necrophage (D:3)
  A scorpion (D:4)
  2 orc priests (D:4)
  A gnoll bouda (D:4)
  3 iguanas
  3 orc wizards
  3 gnolls (D:4)
  4 adders
  2 worms (D:4)
  2 dart slugs (D:2)
  11 orcs
  9 ball pythons
  9 bats
  6 endoplasms
  7 giant cockroaches
  3 goblins
  2 hobgoblins
  4 jackals (D:2)
  2 kobolds
  3 quokkas
  4 frilled lizards
  6 rats
90 creatures vanquished.

Notes
Turn   | Place    | Note
-------+----------+-------------------------------------------
     0 | D:1      | bjtr the Gargoyle Earth Elementalist began the quest for
                  | the Orb.
     0 | D:1      | Reached XP level 1. HP: 10/10 MP: 3/3
   169 | D:1      | Reached XP level 2. HP: 15/15 MP: 1/5
   248 | D:1      | Reached skill level 4 in Earth Magic
   764 | D:1      | Learned a level 2 spell: Passwall
  1426 | D:2      | Reached XP level 3. HP: 19/19 MP: 2/6
  1621 | D:2      | Reached XP level 4. HP: 24/24 MP: 1/8
  1997 | D:2      | Reached skill level 5 in Earth Magic
  2249 | D:3      | Reached XP level 5. HP: 28/28 MP: 7/9
  2320 | D:3      | Reached skill level 1 in Fighting
  2324 | D:3      | Learned a level 3 spell: Stone Arrow
  2329 | D:3      | Learned a level 4 spell: Petrify
  2745 | D:3      | Reached skill level 6 in Earth Magic
  2745 | D:3      | Reached XP level 6. HP: 30/34 MP: 5/11
  2878 | D:3      | Found a glowing silver altar of Zin.
  2879 | D:3      | Found an ancient bone altar of Kikubaaqudgha.
  2881 | D:3      | Found a stormy altar of Qazlal.
  2884 | D:3      | Found a sparkling altar of Nemelex Xobeh.
  2887 | D:3      | Found a shimmering blue altar of Sif Muna.
  2887 | D:3      | Found a sacrificial altar of Ru.
  2887 | D:3      | Found an ornate altar of the Wu Jian Council.
  2887 | D:3      | Found a shimmering altar of Xom.
  2887 | D:3      | Found an opulent altar of Gozag.
  2887 | D:3      | Noticed a sky beast
  3372 | D:3      | Killed a sky beast
  3457 | D:3      | Found a blossoming altar of Fedhas.
  3458 | D:3      | Found a hide-covered altar of Uskayaw.
  3459 | D:3      | Found a bloodstained altar of Trog.
  3528 | D:3      | Learned a level 2 spell: Blink
  3715 | D:4      | Found a runed translucent gate.
  3755 | D:4      | Found a staircase to the Ecumenical Temple.
  3761 | Temple   | Entered the Ecumenical Temple
  3767 | Temple   | Became a worshipper of Vehumet
  4015 | D:4      | Reached skill level 7 in Earth Magic
  4015 | D:4      | Reached XP level 7. HP: 39/39 MP: 10/13
  4434 | D:4      | Found a runed translucent gate.
  4434 | D:4      | Found a runed translucent gate.
  4460 | D:4      | Noticed bande's ghost (amateur GrFi)
  4781 | D:4      | Reached skill level 1 in Shields
  4908 | D:4      | Reached skill level 1 in Armour
  5167 | D:5      | Entered Level 5 of the Dungeon
  5171 | D:4      | Slain by bande's ghost

Illustrated notes

Levels and vault maps discovered:
D:1:      dpeg_arrival_boxorama, layout_basic, serial_rivers,
          chequers_serial_rivers_large_a, chequers_serial_rivers_micro_c,
          chequers_serial_rivers_micro_e, chequers_serial_rivers_small_b
D:2:      layout_basic, kennysheep_generic_room_5
D:3:      layout_basic, minitemple, grunt_ministairs_4
D:4:      layout_basic, temple_doors_e, ebering_ghost_rock_garden
D:5:      layout_gridville, serial_shops, nicolae_square_shop, minmay_checkerbox
Temple:   nicolae_temple_cloud_nine

Skill      XL: |  1  2  3  4  5  6  7 |
---------------+----------------------+-----
Earth Magic    | 4 5 6 7 |  7.2
Spellcasting   | 3 4 |  4.7
Fighting       | 1 2 |  2.3
Shields        | 1 |  1.8
Armour         | 1 |  1.1
Dodging        | |  1.9
Stealth        | |  2.5
Conjurations   | |  0.3
Transmutations | |  0.7

Action                   |  1- 3 |  4- 6 |  7- 9 || total
-------------------------+-------+-------+-------++-------
Melee: Whip              |    17 |    26 |     7 ||    50
       Flail             |       |       |    11 ||    11
 Cast: Sandblast         |    40 |    74 |    22 ||   136
       Stone Arrow       |       |     1 |     3 ||     4
       Passwall          |       |       |     1 ||     1
  Use: Scroll            |     3 |     3 |     2 ||     8
       Potion            |       |       |     3 ||     3
 Stab: Sleeping          |     1 |       |       ||     1
Armor: Robe              |    19 |    20 |       ||    39
       Leather armour    |       |       |    16 ||    16
Dodge: Dodged            |    23 |    31 |     9 ||    63
Block: Kite shield       |       |       |     9 ||     9

Table legend: (Time is in decaauts)
 A = Elapsed time spent in this place.
 B = Non-inter-level travel time spent in this place.
 C = Inter-level travel time spent in this place.
 D = Time resting spent in this place.
 E = Time spent auto-exploring this place.
 F = Levels seen in this place.
 G = Mean time per level.
                   A        B        C        D        E       F      G
               +--------+--------+--------+--------+--------+-----+--------+
         Total |   5265 |   5198 |     67 |    826 |   3505 |   6 |  877.5 |
       Dungeon |   5216 |   5149 |     67 |    826 |   3471 |   5 | 1043.2 |
        Temple |     48 |     48 |      0 |      0 |     34 |   1 |   48.0 |
               +--------+--------+--------+--------+--------+-----+--------+

Top non-repeatable levels by time:
     D:3: 1541 daAuts
     D:4: 1479 daAuts
     D:1: 1130 daAuts
     D:2: 1062 daAuts
  Temple: 48 daAuts
     D:5: 2 daAuts
